 Dungeon Crawl Stone Soup version 0.29-a0-559-g359e09b9d1 (webtiles) character file.

Game seed: 7387290998321698180

382 DocClef the Covert (level 6, 0/53 HPs)
             Began as a Gnoll Delver on June 10, 2022.
             Was a Follower of Okawaru.
             Succumbed to an adder's poison
             ... on level 2 of the Dungeon.
             The game lasted 00:01:50 (2061 turns).

DocClef the Covert (Gnoll Delver)                   Turns: 2061, Time: 00:01:50

Health: 0/53       AC: 10    Str: 11    XL:     6   Next: 76%
Magic:  9/9        EV: 13    Int: 10    God:    Okawaru [*.....]
Gold:   106        SH:  0    Dex: 15    Spells: 9/9 levels left

rFire   . . .      SeeInvis .   l - +2 scythe (protect)
rCold   . . .      Faith    .   (shield currently unavailable)
rNeg    . . .      Spirit   .   b - +0 leather armour
rPois   .          Reflect  .   (no helmet)
rElec   .          Harm     .   (no cloak)
rCorr   .          Rampage  .   (no gloves)
Will    .....                   (no boots)
Stlth   ++++......              (no amulet)
HPRegen 0.17/turn               (no ring)
MPRegen 0.11/turn               (no ring)

@: lethally poisoned (0 -> -8), under a protective aura
A: fangs 1, strong nose, distributed training
a: Renounce Religion, Heroism


You were on level 2 of the Dungeon.
You worshipped Okawaru.
Okawaru was aware of your devotion.
You visited 2 branches of the dungeon, and saw 5 of its levels.

You collected 106 gold pieces.

Inventory:

Hand Weapons
 a - a +0 short sword
 l - a +2 scythe of protection (weapon)
Armour
 b - a +0 leather armour (worn)
Wands
 g - a wand of digging (3)
Scrolls
 c - a scroll of fog
 d - a scroll of magic mapping
 e - a scroll of fear
 h - 3 scrolls of noise {unknown}
 i - a scroll of vulnerability {unknown}
 k - a scroll of identify {unknown}
Potions
 f - a potion of haste
 j - a potion of degeneration {unknown}


   Skills:
 + Level 6.9 Fighting
 + Level 5.0 Short Blades
 + Level 2.1 Long Blades
 + Level 2.1 Axes
 + Level 2.1 Maces & Flails
 + Level 2.1 Polearms
 + Level 2.1 Staves
 + Level 2.1 Slings
 + Level 2.1 Bows
 + Level 2.1 Crossbows
 + Level 2.1 Throwing
 + Level 2.1 Armour
 + Level 5.0 Dodging
 + Level 9.8 Stealth
 + Level 2.1 Shields
 + Level 2.1 Unarmed Combat
 + Level 2.1 Spellcasting
 + Level 1.6 Conjurations
 + Level 1.6 Hexes
 + Level 1.6 Summonings
 + Level 1.6 Necromancy
 + Level 1.6 Translocations
 + Level 1.6 Transmutations
 + Level 1.6 Fire Magic
 + Level 1.6 Ice Magic
 + Level 1.6 Air Magic
 + Level 1.6 Earth Magic
 + Level 1.6 Poison Magic
 + Level 2.3 Invocations
 + Level 2.1 Evocations


You had 9 spell levels left.
You didn't know any spells.
Your spell library contained the following spells:

 Spells                   Type           Power      Damage    Failure   Level
 Foxfire                  Conj/Fire      16%        2x1d4     21%         1
 Conjure Flame            Conj/Fire      4%         6-21      52%         3
 Inner Flame              Hex/Fire       4%         N/A       52%         3
 Flame Wave               Conj/Fire      4%         2d5       90%         4


Dungeon Overview and Level Annotations

Branches:
Dungeon (5/15)             Temple (1/1) D:4

Altars:
Ashenzari
Cheibriados
Dithmenos
Elyvilon
Fedhas
Gozag
Hepliaklqana
Kikubaaqudgha
Makhleb
Nemelex Xobeh
Okawaru
Qazlal
Sif Muna
Trog
Uskayaw
Vehumet
Wu Jian
Xom
Yredelemnul
Zin
The Shining One

Annotations:
D:3 Robin


Innate Abilities, Weirdness & Mutations

You have very sharp teeth.
Your uncanny sense of smell can sniff out nearby items.
Your experience applies equally to all skills.


Message History

You are too injured to fight recklessly!
You are too injured to fight recklessly!
You are too injured to fight recklessly!
You are too injured to fight recklessly!
You are too injured to fight recklessly!
You are too injured to fight recklessly!
You are too injured to fight recklessly!
You are too injured to fight recklessly!
You are too injured to fight recklessly!
You barely miss the adder.
You feel sick. The adder bites you.
You are more poisoned.
The adder poisons you! The adder bites you but does no damage.
You closely miss the adder.
You feel very sick. The adder barely misses you. The adder bites you.
You are more poisoned.
The adder poisons you! The adder barely misses you.
You closely miss the adder.
You feel very sick. The adder bites you.
* * * LOW HITPOINT WARNING * * *
The adder barely misses you.
You hit the adder.
Your weapon exudes an aura of protection.
The adder is moderately wounded.
You feel very sick. The adder bites you but does no damage.
The adder misses you. The adder barely misses you.
You hit the adder.
The adder is severely wounded.
You feel sick. The adder bites you but does no damage. The adder bites you.
* * * LOW HITPOINT WARNING * * *
You are lethally poisoned!
The adder poisons you!
Unknown command.
The hobgoblin shouts!
You slash the adder!
You kill the adder!
Okawaru accepts your kill.
You die...

..........#..#. #. #..
##.....#.##..#. #.###..∆
#.....#.##..#. .......
#.....#.###>.. .......
#.....#.####.. .......
#.....#...##.. ......$
#.....##......
.......#####.....##......
#r.@.............(#.
#S#####.....#..)..+. ...
#.....#.....## .....
#######.....# .g.....
#....... ....... ##....##
....... #....# .......
######


You could see a hobgoblin, a ball python and a rat.

Vanquished Creatures
  Sigmund (D:2)
  A phantom (D:4)
  A hound (D:5)
  An iguana (D:4)
  An orc wizard (Temple)
  5 adders
  A worm (D:3)
  A dart slug (D:2)
  3 endoplasms
  A giant cockroach (D:3)
  5 goblins
  4 hobgoblins
  2 kobolds (D:4)
  4 ball pythons
  A bat (D:3)
  A frilled lizard (D:3)
  3 rats (D:2)
36 creatures vanquished.

Notes
Turn   | Place    | Note
-------+----------+-------------------------------------------
     0 | D:5      | Reached skill level 9 in Stealth
     0 | D:5      | DocClef the Gnoll Delver began the quest for the Orb.
     0 | D:5      | Reached XP level 1. HP: 23/23 MP: 1/1
    65 | D:5      | Noticed a hound
    87 | D:5      | Killed a hound
    88 | D:5      | Reached XP level 2. HP: 5/29 MP: 2/2
    88 | D:5      | Reached XP level 3. HP: 6/35 MP: 3/3
   370 | D:4      | Noticed a phantom
   372 | D:4      | Killed a phantom
   373 | D:4      | Reached skill level 1 in Long Blades
   373 | D:4      | Reached skill level 1 in Axes
   373 | D:4      | Reached skill level 1 in Maces & Flails
   373 | D:4      | Reached skill level 1 in Polearms
   373 | D:4      | Reached skill level 1 in Staves
   373 | D:4      | Reached skill level 1 in Slings
   373 | D:4      | Reached skill level 1 in Bows
   373 | D:4      | Reached skill level 1 in Crossbows
   373 | D:4      | Reached skill level 1 in Throwing
   373 | D:4      | Reached skill level 1 in Armour
   373 | D:4      | Reached skill level 1 in Shields
   373 | D:4      | Reached skill level 1 in Unarmed Combat
   373 | D:4      | Reached skill level 1 in Spellcasting
   373 | D:4      | Reached skill level 1 in Conjurations
   373 | D:4      | Reached skill level 1 in Hexes
   373 | D:4      | Reached skill level 1 in Summonings
   373 | D:4      | Reached skill level 1 in Necromancy
   373 | D:4      | Reached skill level 1 in Translocations
   373 | D:4      | Reached skill level 1 in Transmutations
   373 | D:4      | Reached skill level 1 in Fire Magic
   373 | D:4      | Reached skill level 1 in Ice Magic
   373 | D:4      | Reached skill level 1 in Air Magic
   373 | D:4      | Reached skill level 1 in Earth Magic
   373 | D:4      | Reached skill level 1 in Poison Magic
   373 | D:4      | Reached skill level 1 in Invocations
   373 | D:4      | Reached skill level 1 in Evocations
   373 | D:4      | Reached XP level 4. HP: 41/41 MP: 3/5
   417 | D:4      | Reached XP level 5. HP: 31/47 MP: 5/7
   705 | D:4      | Found a staircase to the Ecumenical Temple.
   728 | Temple   | Entered the Ecumenical Temple
   965 | Temple   | Became a worshipper of Warmaster Okawaru
  1584 | D:3      | Noticed Robin
  1787 | D:2      | Noticed Sigmund
  1794 | D:2      | Killed Sigmund
  1794 | D:2      | Reached * piety under Okawaru
  1795 | D:2      | Reached skill level 5 in Short Blades
  1795 | D:2      | Reached skill level 5 in Dodging
  1795 | D:2      | Reached XP level 6. HP: 53/53 MP: 7/9
  2061 | D:2      | Succumbed to an adder's poison

Illustrated notes

Levels and vault maps discovered:
D:2:      layout_basic, uniq_sigmund
D:3:      layout_basic, serial_shops, nicolae_square_shop, uniq_robin
D:4:      layout_loops_ring, minmay_temple_entry_offerings, minmay_ruptured
D:5:      layout_loops_corners
Temple:   mainiacjoe_temple_archimedes_tessellation

Skill      XL: |  1  2  3  4  5 |
---------------+----------------+-----
Stealth        | |  9.8
Long Blades    | 1 2 |  2.1
Axes           | 1 2 |  2.1
Maces & Flails | 1 2 |  2.1
Polearms       | 1 2 |  2.1
Staves         | 1 2 |  2.1
Slings         | 1 2 |  2.1
Bows           | 1 2 |  2.1
Crossbows      | 1 2 |  2.1
Throwing       | 1 2 |  2.1
Armour         | 1 2 |  2.1
Shields        | 1 2 |  2.1
Unarmed Combat | 1 2 |  2.1
Spellcasting   | 1 2 |  2.1
Conjurations   | 1 |  1.6
Hexes          | 1 |  1.6
Summonings     | 1 |  1.6
Necromancy     | 1 |  1.6
Translocations | 1 |  1.6
Transmutations | 1 |  1.6
Fire Magic     | 1 |  1.6
Ice Magic      | 1 |  1.6
Air Magic      | 1 |  1.6
Earth Magic    | 1 |  1.6
Poison Magic   | 1 |  1.6
Invocations    | 1 2 |  2.3
Evocations     | 1 2 |  2.1
Short Blades   | 5 |  5.0
Dodging        | 5 |  5.0
Fighting       | |  6.9

Action                   |  1- 3 |  4- 6 || total
-------------------------+-------+-------++-------
Melee: Short sword       |    20 |    83 ||   103
       Bite              |     3 |     8 ||    11
       Punch             |       |     1 ||     1
       Scythe            |       |    39 ||    39
 Stab: Sleeping          |     1 |    11 ||    12
Armor: Leather armour    |     6 |    35 ||    41
Dodge: Dodged            |    12 |   130 ||   142

Table legend: (Time is in decaauts)
 A = Elapsed time spent in this place.
 B = Non-inter-level travel time spent in this place.
 C = Inter-level travel time spent in this place.
 D = Time resting spent in this place.
 E = Time spent auto-exploring this place.
 F = Levels seen in this place.
 G = Mean time per level.
                   A        B        C        D        E       F      G
               +--------+--------+--------+--------+--------+-----+--------+
         Total |   2081 |   2006 |     75 |    772 |    877 |   5 |  416.2 |
       Dungeon |   1576 |   1558 |     18 |    543 |    689 |   4 |  394.0 |
        Temple |    505 |    448 |     57 |    229 |    188 |   1 |  505.0 |
               +--------+--------+--------+--------+--------+-----+--------+

Top non-repeatable levels by time:
  Temple: 505 daAuts
     D:2: 485 daAuts
     D:4: 407 daAuts
     D:5: 367 daAuts
     D:3: 314 daAuts
